 Dungeon Crawl Stone Soup version 0.19.0-11-g3fc08b3 (webtiles) character file.

390 Monkfish the Chopper (level 6, -13/85 HPs)
             Began as a Minotaur Berserker on Nov 10, 2016.
             Was a Believer of Trog.
             Mangled by an ogre
             ... wielding a +0 giant club
              (18 damage)
             ... on level 4 of the Dungeon.
             The game lasted 00:02:55 (2686 turns).

Monkfish the Chopper (Minotaur Berserker)           Turns: 2686, Time: 00:02:56

Health: -13/85     AC:  2    Str: 29    XL:     6   Next: 50%
Magic:  5/5        EV: 13    Int:  4    God:    Trog [**....]
Gold:   148        SH:  0    Dex:  9    Spells: 0 memorised, 5 levels left

rFire  . . .     SeeInvis .     a - +0 hand axe
rCold  + . .     Gourm    .     b - +0 animal skin
rNeg   . . .     Faith    .     (no shield)
rPois  .         Spirit   .     (helmet restricted)
rElec  .         Reflect  .     (no cloak)
rCorr  .         Harm     .     (no gloves)
MR     .....                    (no boots)
Stlth  ..........               (no amulet)
                                (no ring)
                                (no ring)

@: berserking, very quick
A: retaliatory headbutt, horns 2, cold resistance 1
a: Berserk, Trog's Hand, Burn Spellbooks, Renounce Religion


You were on level 4 of the Dungeon.
You worshipped Trog.
Trog was pleased with you.
You were not hungry.

You visited 1 branch of the dungeon, and saw 4 of its levels.

You collected 148 gold pieces.

Inventory:

Hand Weapons
 a - a +0 hand axe (weapon)
 i - a +1 hunting sling of velocity
Armour
 b - a +0 animal skin (worn)
Wands
 k - a wand of slowing (16/48)
Potions
 h - a potion of heal wounds
Comestibles
 c - a bread ration
 d - a meat ration
 f - 4 fruits
 m - a royal jelly


   Skills:
 + Level 5.7 Fighting
 + Level 6.4 Axes
 * Level 4.1 Armour
 + Level 3.2 Dodging


You had 5 spell levels left.
You didn't know any spells.

Dungeon Overview and Level Annotations

Branches:
Dungeon (4/15)
 Temple: D:4-7

Altars:
Ashenzari
Qazlal
Xom
Yredelemnul


Innate Abilities, Weirdness & Mutations

You reflexively headbutt those who attack you in melee.
You have a pair of horns on your head.
Your flesh is cold resistant. (rC+)


Message History

The orc hits you with a flail.
You hit the ogre but do no damage. You headbutt the ogre.
The ogre is heavily wounded.
You hit the orc but do no damage. The ogre hits you with a giant club!!
* * * LOW HITPOINT WARNING * * *
The orc hits you with a flail.
* * * LOW HITPOINT WARNING * * *
You are too injured to fight recklessly!
A red film seems to cover your vision as you go berserk!
You feel yourself moving faster!
You feel mighty!
You feel a lot more hungry. The ogre closely misses you.
The orc hits you with a flail.
* * * LOW HITPOINT WARNING * * *
You barely miss the ogre.
The ogre is heavily wounded.
You barely miss the orc. You barely miss the ogre.
Your headbutt misses the ogre.
The ogre is heavily wounded.
You hit the orc. The orc closely misses you.
The ogre hits you with a giant club!!
You die...

##..# ##.#.###
##..##..## ##..####..##
###..## ##..# ###.....##
##.. #. ####........#
##. #...#............#
#. #....o@...........#
## #....O..).........# #
#...../.............####
.......#...............#
......####..........[..†
.....# ##.............
....# #............ ...#
#...........
#...........


You could see an ogre and an orc.

Vanquished Creatures
  A sky beast (D:4)
  A hound (D:4)
  Ijyb (D:2)
  An iguana (D:4)
  An orc wizard (D:4)
  4 gnolls (D:3)
  8 adders
  An ooze (D:1)
  2 worms
  A dart slug (D:3)
  2 leopard geckos (D:1)
  7 orcs
  7 bats
  3 giant cockroaches
  4 goblins
  10 hobgoblins
  2 jackals (D:2)
  A frilled lizard (D:1)
  6 kobolds
  6 rats
69 creatures vanquished.

Notes
Turn   | Place    | Note
-------+----------+-------------------------------------------
     0 | D:1      | Monkfish the Minotaur Berserker began the quest for the Orb.
     0 | D:1      | Reached XP level 1. HP: 19/19 MP: 0/0
   409 | D:1      | Gained mutation: Your flesh is cold resistant. (rC+) [potion of beneficial mutation]
   413 | D:1      | Reached XP level 2. HP: 20/27 MP: 1/1
   544 | D:1      | Found a shimmering altar of Xom.
   727 | D:1      | Reached skill level 4 in Axes
  1016 | D:2      | Noticed an air elemental
  1040 | D:2      | Found a stormy altar of Qazlal.
  1040 | D:2      | Noticed a fire elemental
  1048 | D:2      | Noticed a water elemental
  1053 | D:2      | Reached XP level 3. HP: 26/33 MP: 2/2
  1104 | D:2      | Noticed Ijyb
  1118 | D:2      | Killed Ijyb
  1452 | D:2      | Reached ** piety under Trog
  1554 | D:2      | Noticed an earth elemental
  1581 | D:2      | Reached XP level 4. HP: 41/41 MP: 3/3
  1853 | D:3      | Reached skill level 5 in Axes
  1891 | D:3      | Reached XP level 5. HP: 34/47 MP: 4/4
  1968 | D:3      | Found a shattered altar of Ashenzari.
  2014 | D:3      | Reached skill level 5 in Fighting
  2017 | D:3      | Found a basalt altar of Yredelemnul.
  2564 | D:4      | Noticed a sky beast
  2573 | D:4      | Killed a sky beast
  2573 | D:4      | Reached skill level 6 in Axes
  2573 | D:4      | Reached XP level 6. HP: 54/56 MP: 5/5
  2686 | D:4      | Mangled by an ogre

Skill      XL: |  1  2  3  4  5 |
---------------+----------------+-----
Fighting       | 4 5 |  5.7
Axes           | 4 5 6 |  6.4
Armour         | 3 4 |  4.1
Dodging        | 3 |  3.2

Action                   |  1- 3 |  4- 6 || total
-------------------------+-------+-------++-------
Melee: Hand axe          |    71 |    78 ||   149
       Headbutt          |    14 |    21 ||    35
Invok: Berserk           |     1 |     3 ||     4
       Trog's Hand       |       |     3 ||     3
  Use: Scroll            |     5 |     8 ||    13
       Potion            |     1 |     2 ||     3
 Stab: Sleeping          |     1 |       ||     1
  Eat: Chunk             |     2 |       ||     2
       Meat ration       |       |     1 ||     1
       Bread ration      |       |     1 ||     1
Armor: Animal skin       |    14 |    13 ||    27
Dodge: Dodged            |    39 |    56 ||    95
